 Dungeon Crawl Stone Soup version 0.31-a0-187-gba352fbbf7 (webtiles) character file.

Game seed: 8616837733008475182

59 qw the Shooter (level 3, -2/20 HPs)
             Began as a Deep Elf Hunter on June 22, 2023.
             Slain by Sigmund
             ... wielding a +2 scythe of venom
              (3 damage)
             ... on level 2 of the Dungeon.
             The game lasted 00:00:22 (680 turns).

qw the Shooter (Deep Elf Hunter)                     Turns: 680, Time: 00:00:23

Health: -2/20      AC:  5    Str: 10    XL:     3   Next: 78%
Magic:  5/5        EV: 11    Int: 13    God:
Gold:   41         SH:  0    Dex: 18    Spells: 2/2 levels left

rFire   . . .        a - +0 shortbow
rCold   . . .        (shield currently unavailable)
rNeg    . . .        d - +0 ring mail
rPois   .            (no helmet)
rElec   .            (no cloak)
rCorr   .            (no gloves)
SInv    .            (no boots)
Will    .....        (no amulet)
Stlth   +            (no ring)
HPRegen 0.23/turn    (no ring)
MPRegen 0.09/turn

%: no passive effects
@: lethally poisoned (-2 -> -9)
A: no striking features
a: no special abilities


You were on level 2 of the Dungeon.
You visited 1 branch of the dungeon, and saw 2 of its levels.

You collected 41 gold pieces.


   Skills:
 - Level 1.5 Fighting
 + Level 7.3 Ranged Weapons
 - Level 2.4 Dodging
 - Level 1.2 Stealth


You had 2 spell levels left.
You didn't know any spells.
Your spell library was empty.

Inventory:

Hand Weapons
 a - a +0 shortbow (weapon)
Armour
 d - a +0 ring mail (worn)
Potions
 e - a potion of might {unknown}

Dungeon Overview and Level Annotations

Branches:
Dungeon (2/15)

Altars:

Annotations:
D:2 Sigmund


Message History

The adder bites you but does no damage. The adder bites you.
You shoot an arrow. The arrow closely misses the adder.
The adder bites you but does no damage.
You shoot an arrow. The arrow hits the adder!
You kill the adder!
You start resting.
HP restored.
Sigmund the Dreaded comes into view.
He is wielding a +2 scythe of venom.
You shoot an arrow. The arrow closely misses Sigmund.
Sigmund hits you from afar with a +2 scythe of venom!
You shoot an arrow. The arrow barely misses Sigmund.
Sigmund barely misses you.
You shoot an arrow. The arrow closely misses Sigmund.
Sigmund closely misses you.
You shoot an arrow.
The arrow hits Sigmund but does no damage.
You shoot an arrow. The arrow barely misses Sigmund.
Sigmund says, "Look into my eyes."
Sigmund closely misses you.
You shoot an arrow. The arrow hits Sigmund!
Sigmund is heavily wounded.
Sigmund hits you from afar with a +2 scythe of venom!
You are lethally poisoned!
672 ||| DRINKING potion of curing.
You feel better.
672 ||| (to cure poison) Sigmund closely misses you.
You start resting.
Sigmund is nearby!
675 ||| FLEEEEING.
676 ||| FLEEEEING.
677 ||| FLEEEEING.
You shoot an arrow. The arrow hits Sigmund.
Sigmund is severely wounded.
You shoot an arrow. The arrow barely misses Sigmund.
Sigmund hits you from afar with a +2 scythe of venom!
You are lethally poisoned!
You shoot an arrow. The arrow barely misses Sigmund.
You feel very sick.
Sigmund hits you from afar with a +2 scythe of venom.
You die...

## .. .# ### #.#
##.. ..# #. ..#
####.?# #.
#.###@....# #.
#.##.#...## #.#
#..@...#.....
#.#
#.##.#...####
#.#####.###....#
#.......# ##.#.#
#..#.#.## #.#.#
#..#.#.### #.#..
#......... #
####....##.##
#####....#..#...


You could see Sigmund.

Vanquished Creatures
  3 adders (D:2)
  A dart slug (D:1)
  2 endoplasms (D:1)
  2 giant cockroaches (D:1)
  3 goblins (D:1)
  2 hobgoblins (D:1)
  4 jackals (D:1)
  4 ball pythons
  3 bats (D:1)
  A frilled lizard (D:1)
  A kobold (D:2)
  4 rats
30 creatures vanquished.

Notes
Turn   | Place    | Note
-------+----------+-------------------------------------------
     0 | D:1      | qw the Deep Elf Hunter began the quest for the Orb.
     0 | D:1      | Reached XP level 1. HP: 12/12 MP: 3/3
     0 | D:1      | 0 ||| qw: Version: 0.3-a-9-g12657ce
     0 | D:1      | 0 ||| qw: Game counter: 2125
     0 | D:1      | 0 ||| qw: Always use a shield: true
     0 | D:1      | 0 ||| qw: God list: Okawaru
     0 | D:1      | 0 ||| qw: Allow faded altars: false
     0 | D:1      | 0 ||| qw: Do Orc after D:15 true
     0 | D:1      | 0 ||| qw: Do second Lair branch before Depths: true
     0 | D:1      | 0 ||| qw: Lair rune preference: random
     0 | D:1      | 0 ||| qw: Plans: Normal
     0 | D:1      | 0 ||| PLANNING D:1-11
    91 | D:1      | 91 ||| FLEEEEING.
    92 | D:1      | 92 ||| FLEEEEING.
   134 | D:1      | Reached XP level 2. HP: 15/16 MP: 4/4
   144 | D:1      | Reached skill level 6 in Ranged Weapons
   229 | D:1      | HP: 4/16 [jackal (2)]
   498 | D:1      | Reached XP level 3. HP: 20/20 MP: 5/5
   533 | D:1      | 533 ||| UPGRADING to +0 ring mail.
   543 | D:1      | 543 ||| DROPPING +0 leather armour.
   544 | D:1      | 544 ||| DRINKING 2 ruby potions.
   545 | D:1      | 545 ||| DROPPING scroll of butterflies.
   566 | D:2      | Reached skill level 7 in Ranged Weapons
   665 | D:2      | Noticed Sigmund
   671 | D:2      | HP: 5/20 [Sigmund/+2 scythe of venom (7)]
   672 | D:2      | 672 ||| DRINKING potion of curing.
   672 | D:2      | 672 ||| (to cure poison)
   675 | D:2      | 675 ||| FLEEEEING.
   676 | D:2      | 676 ||| FLEEEEING.
   677 | D:2      | 677 ||| FLEEEEING.
   679 | D:2      | HP: 5/20 [Sigmund/+2 scythe of venom (7)]
   680 | D:2      | HP: 1/20 [poisoned by Sigmund]
   680 | D:2      | Slain by Sigmund

Levels and vault maps discovered:
D:1:      dpeg_arrival_connections, layout_rooms, serial_curves, eino_curves_02,
          eino_curves_02, minmay_misc_feat_more_columns
D:2:      layout_loops_ring, serial_shops, shop, basic_altar, uniq_sigmund

Skill      XL: |  1  2  3 |
---------------+----------+-----
Ranged Weapons | 6 7 |  7.3
Fighting       | |  1.5
Dodging        | |  2.4
Stealth        | |  1.2

Action                     || total
---------------------------++-------
   Fire: Shortbow          ||   105
    Use: Potion            ||     2
 Armour: Leather armour    ||    13
         Ring mail         ||     5
  Dodge: Dodged            ||    42

Table legend:
 A = Non-vault XP
 B = Vault XP
 C = Vault XP percentage of total XP
 D = Non-vault monster count
 E = Vault monster count
 F = Vault count percentage of total count
                 A         B        C        D         E       F
            +---------+---------+-------+---------+---------+-------
      Total |      85 |       0 |   0.0 |      30 |       0 |   0.0
            +---------+---------+-------+---------+---------+-------
        D:1 |      43 |       0 |   0.0 |      24 |       0 |   0.0
        D:2 |      42 |       0 |   0.0 |       6 |       0 |   0.0
            +---------+---------+-------+---------+---------+-------
